 Dungeon Crawl Stone Soup version 0.30-a0-728-gc68057be0a (webtiles) character file.

Game seed: 5492427605527511387

36992 gruber the Unseen (level 13, -2/68 HPs)
             Began as a Vine Stalker Brigand on Jan 31, 2023.
             Was a Follower of Uskayaw.
             Succumbed to a redback's poison
             ... on level 2 of the Lair of Beasts.
             The game lasted 00:25:06 (15174 turns).

gruber the Unseen (Vine Stalker Brigand)           Turns: 15174, Time: 00:25:06

Health: -2/68      AC: 10    Str: 21    XL:     13   Next: 93%
Magic:  7/18       EV: 17    Int: 11    God:    Uskayaw [*.....]
Gold:   779        SH: 11    Dex: 20    Spells: 12/12 levels left

rFire   + . .      SeeInvis .    t - +0 dagger (speed)
rCold   + + .      Faith    .    J - +0 buckler
rNeg    + . .      Spirit   +    M - +2 robe {rC+ rF+}
rPois   .          Reflect  +    F - +0 helmet
rElec   .          Harm     .    c - +0 cloak
rCorr   .          Rampage  .    a - +1 pair of gloves
Will    ++...                    h - +0 pair of boots
Stlth   +++++++                  r - amulet of reflection
HPRegen 1.11/turn                N - ring "Eguicw" {Will+ Slay+4}
MPRegen 0.16/turn                b - ring "Zobuise" {rC+ rN+ Str+3 Dex+3}

@: lethally poisoned (-2 -> -18)
A: fangs 3, regeneration 1, magic shield, antimagic bite, no potion heal 2
a: Renounce Religion, Stomp


You were on level 2 of the Lair of Beasts.
You worshipped Uskayaw.
Uskayaw was noncommittal.
You visited 3 branches of the dungeon, and saw 16 of its levels.
You also visited: Ice Cave.

You collected 779 gold pieces.

Inventory:

Hand Weapons
 t - a +0 dagger of speed (weapon)
Missiles
 d - 20 poisoned darts (quivered)
 e - 13 curare-tipped darts
 W - 5 atropa-tipped darts
Armour
 a - a +1 pair of gloves (worn)
 c - a +0 cloak (worn)
 h - a +0 pair of boots (worn)
 F - a +0 helmet (worn)
 J - a +0 buckler (worn)
 M - a +2 robe of resistance (worn)
Jewellery
 b - the ring "Zobuise" (right hand) {rC+ rN+ Str+3 Dex+3}
   (You found it in an ice cave)

   [ring of positive energy]

   Str:       It affects your strength (+3).
   Dex:       It affects your dexterity (+3).
   rC:        It protects you from cold.
   rN:        It protects you from negative energy.
 o - a ring of fire
 r - an amulet of reflection (around neck)
 s - the ring "Wekie" {rN+ MP+9 AC+4 Dex+3}
   (You found it on level 1 of the Lair of Beasts)

   [ring of protection]

   AC:        It affects your AC (+4).
   Dex:       It affects your dexterity (+3).
   rN:        It protects you from negative energy.
   MP:        It affects your magic capacity (+9).
 N - the ring "Eguicw" (left hand) {Will+ Slay+4}
   (You found it on level 7 of the Dungeon)

   [ring of slaying]

   Slay:      It affects your accuracy & damage with ranged weapons and melee
   (+4).
   Will:      It increases your willpower.
 Q - a ring of fire
Wands
 x - a wand of quicksilver (8)
 E - a wand of iceblast (21)
 V - a wand of charming (8)
 X - a wand of flame (22)
 Y - a wand of mindburst (4)
Scrolls
 g - 5 scrolls of vulnerability {unknown}
 k - a scroll of magic mapping {unknown}
 l - a scroll of acquirement
 m - 4 scrolls of enchant armour {unknown}
 n - a scroll of torment {unknown}
 u - 3 scrolls of amnesia {unknown}
 v - 2 scrolls of brand weapon {unknown}
 w - 2 scrolls of immolation {unknown}
 y - 6 scrolls of teleportation {unknown}
 C - 3 scrolls of fog
 D - a scroll of summoning
 I - 3 scrolls of silence
 L - 3 scrolls of blinking
 O - 3 scrolls of enchant weapon
Potions
 f - a potion of magic
 i - 6 potions of attraction
 j - 2 potions of lignification
 p - 10 potions of curing
 q - a potion of haste
 z - 2 potions of flight
 A - 4 potions of cancellation
 G - 3 potions of berserk rage
 H - a potion of resistance
 K - a potion of invisibility {unknown}
 S - 3 potions of might
 T - a potion of ambrosia {unknown}
 U - 2 potions of brilliance
Miscellaneous
 P - a condenser vane


   Skills:
 - Level 8.0 Fighting
 - Level 11.2 Short Blades
 - Level 1.7 Throwing
 - Level 5.1 Armour
 - Level 8.0 Dodging
 * Level 16.3 Stealth
 - Level 5.5 Shields
 - Level 5.9 Invocations


You had 12 spell levels left.
You didn't know any spells.
Your spell library contained the following spells:

 Spells                   Type           Power      Damage    Failure   Level
 Apportation              Tloc           0%         N/A       41%         1
 Beastly Appendage        Tmut           0%         N/A       41%         1
 Freeze                   Ice            0%         1d3       41%         1
 Magic Dart               Conj           0%         1d3       41%         1
 Necrotise                Necr           0%         1d4       41%         1
 Summon Small Mammal      Summ           0%         N/A       41%         1
 Lesser Beckoning         Tloc           0%         N/A       56%         2
 Searing Ray              Conj           0%         2d4       56%         2
 Wereblood                Tmut           0%         N/A       56%         2
 Frozen Ramparts          Ice            0%         1d1       80%         3
 Gell's Gravitas          Tloc           0%         N/A       80%         3
 Hailstorm                Conj/Ice       0%         3d3       80%         3
 Ozocubu's Armour         Ice            0%         N/A       80%         3
 Spider Form              Tmut/Pois      0%         N/A       80%         3
 Teleport Other           Tloc           0%         N/A       80%         3
 Fulminant Prism          Conj/Hex       0%         3d5       99%         4
 Olgreb's Toxic Radiance  Pois           0%         N/A       99%         4
 Metabolic Englaciation   Hex/Ice        0%         N/A       100%        5
 Simulacrum               Ice/Necr       0%         N/A       100%        6
 Ozocubu's Refrigeration  Ice            0%         4d7       100%        7
 Ignition                 Fire           0%         3d3       100%        8


Dungeon Overview and Level Annotations

Branches:
Dungeon (13/15)            Temple (1/1) D:5            Lair (2/5) D:11
 Spider (0/4) Lair:2          Orc (0/2) D:11          IceCv (visited)
  Swamp: Lair:2-3    Shoals: Lair:2-3    Vaults: D:13-14

Altars:
Ashenzari
Cheibriados
Dithmenos
Elyvilon
Fedhas
Gozag
Hepliaklqana
Kikubaaqudgha
Makhleb
Nemelex Xobeh
Okawaru
Qazlal
Ru
Sif Muna
Trog
Uskayaw
Vehumet
Wu Jian
Xom
Yredelemnul
Zin
The Shining One

Shops:
D:8 **   D:12 ?


Innate Abilities, Weirdness & Mutations

You have razor-sharp teeth.
Your natural rate of healing is unusually fast.
When hurt, damage is shared between your health and your magic reserves.
Your bite disrupts and absorbs the magic of your enemies.
Potions cannot restore your health.


Message History

You are poisoned.
The redback poisons you!
The wolf howls!
You hear a croak.
The wolf howls!
The blink frog croaks.
You hit the jumping spider. You bite the jumping spider! You drain its power.
You feel invigorated.
The jumping spider is heavily wounded.
You feel very sick.
You hit the jumping spider but do no damage.
The jumping spider is heavily wounded.
You feel sick. You block the jumping spider's attack.
The jumping spider barely misses you. The redback closely misses you.
You feel very sick. The jumping spider pounces on you!
You are caught in a web!
The jumping spider bites you but does no damage.
The wolf closely misses you. The jumping spider pounces on you!
You are even more entangled.
The jumping spider bites you.
There is a web here.
The web tears apart.
You feel very sick. The redback bites you.
You are lethally poisoned!
The redback poisons you!
The blink frog blinks!
You block the jumping spider's attack. The jumping spider misses you.
The redback bites you. The blink frog closely misses you.
The blink frog blinks!
* * * LOW HITPOINT WARNING * * *
You feel extremely sick. You block the jumping spider's attack.
The jumping spider barely misses you.
The blink frog blinks!
You block the jumping spider's attack. The jumping spider barely misses you.
The wolf attacks as you move away! The wolf bites you.
* * * LOW HITPOINT WARNING * * *
x2 You feel extremely sick.
You block the wolf's attack.
* * * LOW HITPOINT WARNING * * *
You feel extremely sick.
The jumping spider leaps!
The wolf attacks as you move away! The wolf barely misses you.
You die...

##.P #.###†## #..
#.###..##
##.###.#^P.#.#### ..
..##..........(....#
!.###........(...P......#
............#...#.#.##...#
.#...#..##.##.##..## ...#
.!...#..##..#.##### ...#
.###...#.##@#..## ..##
.........(#.#...#
#....F..hhhs##.##
........F.h....#
##..>..###./#..#.
.....F..§h.........
..#.§.....#.s#....# .
#.$.....#......##
##.###.#.........


You could see a jumping spider, a redback and 3 wolves.

Vanquished Creatures
  A hydra (D:13)
  4 boulder beetles
  A two-headed ogre (D:11)
  A spriggan (Lair:1)
  A pharaoh ant (Lair:2)
  A bog body (Lair:1)
  A necromancer (IceCv)
  A lindwurm (Lair:2)
  A deep elf pyromancer (D:12)
  A cyclops (D:12)
  2 ugly things
  Maurice (D:8)
  Joseph (D:7)
  An ice statue (IceCv)
  2 gargoyles (D:12)
  2 unseen horror zombies (D:8)
  4 rime drakes (Lair:1)
  An unseen horror (D:10)
  3 cane toads (Lair:1)
  3 komodo dragons
  14 ice devils
  7 freezing wraiths
  An anaconda simulacrum (Lair:1)
  2 polar bears (Lair:1)
  4 trolls
  A tarantella (Lair:2)
  2 hornets
  2 blink frogs (Lair:2)
  3 shadows
  Sigmund (D:3)
  31 yaks
  A vampire (D:11)
  2 wyverns
  3 wraiths
  2 water elementals (D:12)
  3 steam dragons
  Grum (D:8)
  A dire elephant simulacrum (IceCv)
  3 death yak simulacra (IceCv)
  A harpy simulacrum (IceCv)
  An acid dragon (D:10)
  2 hydra simulacra (IceCv)
  5 water moccasins
  4 orc warriors
  2 sky beasts
  5 black bears
  An ice beast (D:7)
  31 wolves
  10 centaurs
  3 phantoms
  6 kobold brigands
  5 bullfrogs
  Blork the orc (D:4)
  3 scorpions
  A gnoll sergeant (D:5)
  A two-headed ogre simulacrum (IceCv)
  6 cane toad simulacra
  4 wights (D:10)
  6 killer bees
  4 elephant simulacra (IceCv)
  4 howler monkeys
  5 electric eels
  2 vampire bats (D:9)
  4 centaur zombies (D:8)
  3 jellies
  12 orc priests
  A hound (D:4)
  Crazy Yiuf (D:3)
  2 gnoll boudas (D:8)
  Jessica (D:3)
  Ijyb (D:4)
  5 iguanas
  14 orc wizards
  2 spriggan simulacra
  Terence (D:2)
  2 polar bear simulacra (IceCv)
  A troll simulacrum (Lair:1)
  7 wolf simulacra (IceCv)
  2 howler monkey zombies (D:8)
  19 gnolls
  A naga simulacrum (IceCv)
  7 adders
  A shadow imp (D:6)
  5 white imps
  2 ufetubi
  A worm (D:4)
  4 dart slugs
  36 orcs
  4 ball pythons
  A bat skeleton (D:9)
  5 bat zombies (D:9)
  11 endoplasms
  3 giant cockroaches
  3 goblins
  4 hobgoblins
  3 jackals (D:2)
  5 quokkas
  2 bats (D:1)
  4 frilled lizards
  38 kobolds
  4 rats
452 creatures vanquished.

Vanquished Creatures (others)
  13 fungi
  21 plants
34 creatures vanquished.

Grand Total: 486 creatures vanquished

Notes
Turn   | Place    | Note
-------+----------+-------------------------------------------
     0 | D:1      | gruber the Vine Stalker Brigand began the quest for the
                  | Orb.
     0 | D:1      | Reached XP level 1. HP: 11/11 MP: 2/2
   165 | D:1      | Reached XP level 2. HP: 13/15 MP: 1/3
   926 | D:1      | Reached XP level 3. HP: 18/18 MP: 4/4
  1287 | D:2      | Noticed Terence
  1302 | D:2      | Killed Terence
  1303 | D:2      | Gained mutation: Your natural rate of healing is unusually
                  | fast. [Vine Stalker growth]
  1303 | D:2      | Reached XP level 4. HP: 6/23 MP: 1/5
  2117 | D:3      | Found a runed translucent door.
  2118 | D:3      | Noticed Crazy Yiuf
  2125 | D:3      | Killed Crazy Yiuf
  2126 | D:3      | Reached XP level 5. HP: 26/26 MP: 6/6
  2152 | D:3      | Noticed Jessica
  2180 | D:3      | Killed Jessica
  2181 | D:3      | Reached skill level 5 in Short Blades
  2268 | D:3      | Noticed Sigmund
  2283 | D:3      | Killed Sigmund
  2284 | D:3      | Reached XP level 6. HP: 26/30 MP: 5/7
  2643 | D:3      | Found a faded altar of an unknown god.
  2785 | D:3      | Found a blossoming altar of Fedhas.
  2908 | D:4      | Reached XP level 7. HP: 26/35 MP: 6/8
  3070 | D:4      | Found a snail-covered altar of Cheibriados.
  3128 | D:4      | Noticed Ijyb
  3147 | D:4      | Killed Ijyb
  3327 | D:4      | Found a sparkling altar of Nemelex Xobeh.
  3357 | D:4      | Noticed Blork the orc
  3390 | D:4      | Killed Blork the orc
  3391 | D:4      | Reached skill level 1 in Dodging
  3585 | D:5      | Entered Level 5 of the Dungeon
  3664 | D:4      | Reached skill level 1 in Armour
  3701 | D:5      | Gained mutation: You have razor-sharp teeth. [Vine Stalker
                  | growth]
  3701 | D:5      | Reached XP level 8. HP: 28/42 MP: 9/9
  4332 | D:5      | Found a staircase to the Ecumenical Temple.
  4370 | Temple   | Entered the Ecumenical Temple
  4545 | D:5      | Reached skill level 5 in Armour
  4621 | D:5      | Reached skill level 5 in Stealth
  4918 | D:6      | Reached skill level 6 in Stealth
  4993 | D:6      | Reached XP level 9. HP: 45/45 MP: 10/10
  5127 | D:6      | Reached skill level 7 in Stealth
  5552 | D:6      | Found a glowing silver altar of Zin.
  5555 | D:6      | Noticed an angel
  5558 | D:6      | Found a shimmering altar of Xom.
  5596 | D:6      | Reached skill level 1 in Shields
  5903 | D:7      | Identified the ring "Eguicw" {Will+ Slay+4}
  6062 | D:7      | Noticed Joseph
  6074 | D:7      | Killed Joseph
  6075 | D:7      | Reached skill level 5 in Shields
  6303 | D:7      | Reached skill level 5 in Fighting
  6309 | D:7      | Found a hide-covered altar of Uskayaw.
  6489 | D:7      | Became a worshipper of Uskayaw the Reveller
  6587 | D:8      | Reached * piety under Uskayaw
  6594 | D:8      | Reached ** piety under Uskayaw
  6598 | D:8      | Reached *** piety under Uskayaw
  6600 | D:8      | Reached **** piety under Uskayaw
  6636 | D:8      | Found a radiant altar of Vehumet.
  6811 | D:8      | Noticed Maurice
  6817 | D:8      | Found a hazy altar of Hepliaklqana.
  6818 | D:8      | Killed Maurice
  6819 | D:8      | Reached XP level 10. HP: 53/53 MP: 11/11
  6868 | D:8      | Found an opulent altar of Gozag.
  6944 | D:8      | Found Kysamis's General Store.
  6957 | D:8      | Reached ***** piety under Uskayaw
  6970 | D:8      | Noticed Grum
  6979 | D:8      | Killed Grum
  6980 | D:8      | Found Konge's Specific Store.
  7308 | D:8      | Reached skill level 8 in Stealth
  7312 | D:8      | Found a basalt altar of Yredelemnul.
  7683 | D:9      | Reached skill level 9 in Stealth
  7705 | D:9      | Reached skill level 10 in Stealth
  7754 | D:9      | Found a stormy altar of Qazlal.
  7828 | D:9      | Paralysed by a hornet for 3 turns
  7963 | D:9      | Found a white marble altar of Elyvilon.
  8058 | D:9      | Found an ancient bone altar of Kikubaaqudgha.
  8069 | D:9      | Reached skill level 11 in Stealth
  8193 | D:9      | Reached XP level 11. HP: 60/60 MP: 12/12
  8409 | D:9      | Reached skill level 12 in Stealth
  8582 | D:10     | Entered Level 10 of the Dungeon
  8604 | D:10     | Found a sacrificial altar of Ru.
  9025 | D:10     | Found a shadowy altar of Dithmenos.
  9063 | D:10     | Reached skill level 5 in Dodging
  9207 | D:10     | Found a glowing golden altar of the Shining One.
  9616 | D:11     | Found a staircase to the Lair.
  9695 | D:11     | Reached ****** piety under Uskayaw
  9721 | D:11     | Identified the +5 war axe of Togiow {drain, rPois rF++}
  9736 | D:11     | Found a staircase to the Orcish Mines.
 10182 | D:11     | Noticed a two-headed ogre
 10186 | D:11     | Killed a two-headed ogre
 10262 | D:11     | Reached XP level 12. HP: 64/64 MP: 13/13
 10680 | D:12     | Noticed a boulder beetle
 10687 | D:12     | Killed a boulder beetle
 10691 | D:12     | Found an iron altar of Okawaru.
 11152 | D:12     | Noticed a boulder beetle
 11155 | D:12     | Killed a boulder beetle
 11422 | D:12     | Found Molisch's Magic Scroll Shop.
 11677 | D:12     | Noticed a boulder beetle
 11711 | D:12     | Killed a boulder beetle
 11858 | D:13     | Noticed a seven-headed hydra
 11867 | D:13     | Killed a seven-headed hydra
 12108 | Lair:1   | Entered Level 1 of the Lair of Beasts
 12145 | Lair:1   | Reached skill level 10 in Short Blades
 12162 | Lair:1   | Identified the +1 scale mail "Sudoitre" {rC- rN++ Dex+3}
 12298 | Lair:1   | Reached skill level 1 in Invocations
 12312 | Lair:1   | Reached XP level 13. HP: 35/68 MP: 15/15
 12512 | Lair:1   | Found a frozen archway.
 12527 | IceCv    | Entered an ice cave
 12541 | IceCv    | Reached skill level 5 in Invocations
 12806 | IceCv    | Found an ancient bone altar of Kikubaaqudgha.
 12969 | IceCv    | Reached skill level 13 in Stealth
 13655 | IceCv    | Reached skill level 14 in Stealth
 13708 | IceCv    | Identified the ring "Zobuise" {rC+ rN+ Str+3 Dex+3}
 13945 | Lair:1   | Found a white marble altar of Elyvilon.
 14188 | Lair:1   | Identified a scroll of acquirement
 14205 | Lair:1   | Identified the ring "Wekie" {rN+ MP+9 AC+4 Dex+3}
 14488 | Lair:1   | Reached skill level 15 in Stealth
 14621 | Lair:1   | Identified the +3 chain mail of Fedhas {rN+}
 15087 | Lair:2   | Reached skill level 16 in Stealth
 15104 | Lair:2   | Found a hole to the Spider Nest.
 15173 | Lair:2   | HP: 3/68 [poisoned by a redback]
 15174 | Lair:2   | Succumbed to a redback's poison

Illustrated notes

Levels and vault maps discovered:
D:1:      erik_arrival_triangle_small, layout_basic, hex_large
D:2:      layout_basic, uniq_terence
D:3:      layout_loops_ring, lemuel_crystal_altar,
          shapermc_ecumenical_altar_mp_highgroup, uniq_jessica, uniq_sigmund,
          uniq_crazy_yiuf_cottage
D:4:      layout_loops_ring, cheibriados_altar_1, nemelex_dance_club_becter,
          st_stairs_6, uniq_ijyb, uniq_blork_the_orc
D:5:      layout_cave_pools, minmay_temple_entry_hall, grunt_ministairs_8,
          amcnicky_mini_rare_corridor_liquid, minmay_misc_feat_columns,
          chequers_serial_rivers_micro_d
D:6:      layout_gridville, grunt_temple_overflow_order_and_chaos_1,
          serial_bayou_pond_c
D:7:      layout_rooms, mainiacjoe_overflow_tiny_flanked,
          minmay_a_box_with_orc_wizards_in_it, uniq_joseph
D:8:      layout_layer_cave, nicolae_yredelemnul_corpse_copse,
          lemuel_tele_altar, mainiacjoe_overflow_catch_the_wave,
          nicolae_specific_store, uniq_grum, uniq_maurice
D:9:      layout_long_grid, lemuel_round_altar, kennysheep_vampire_church,
          mainiacjoe_overflow_24_doors
D:10:     layout_long_grid, overflow_temple_1_default,
          nicolae_ru_sacrificial_ziggurat, lemuel_crystal_altar,
          minmay_quadrilaterals
D:11:     layout_basic, due_lair_maze_entry_diamond, david_orc_3, minivault_14
D:12:     layout_basic, serial_shops, shop, okawaru_trees_2
D:13:     nicolae_whirlpool, layout_stronghold, small_chamber_with_monster,
          ashenzari_altar_1, uniq_sonja
Temple:   hellmonk_temple_flake
Lair:1:   dreamdust_isle_of_ice, layout_cave_pods, portal_ice_cave_rime,
          basic_altar, grunt_forest_large_clearings
Lair:2:   layout_loops_ring, nicolae_spider_entry_lesser_pyramids,
          hibernation_bobbens

Skill      XL: |  1  2  3  4  5  6  7  8  9 10 11 12 13 |
---------------+----------------------------------------+-----
Short Blades   | 2 3 4 6 11 | 11.2
Fighting       | 2 4 6 8 |  8.0
Dodging        | 2 8 |  8.0
Armour         | 1 5 |  5.1
Stealth        | 6 7 11 12 16 | 16.3
Shields        | 5 |  5.5
Invocations    | 2 5 |  5.9
Throwing       | |  1.7

Action                     |  1- 3 |  4- 6 |  7- 9 | 10-12 | 13-15 || total
---------------------------+-------+-------+-------+-------+-------++-------
  Melee: Dagger            |    87 |   166 |   734 |   784 |   607 ||  2378
         Bite              |    21 |    47 |   248 |   320 |   318 ||   954
         Punch             |     4 |     1 |     8 |       |       ||    13
   Fire: Sling             |     2 |       |       |       |       ||     2
  Throw: Dart              |     1 |     2 |       |     3 |       ||     6
 Invoke: Stomp             |       |       |       |     1 |       ||     1
  Evoke: Wand              |       |       |     2 |       |       ||     2
    Use: Potion            |       |       |     3 |     1 |       ||     4
         Scroll            |       |       |       |       |    17 ||    17
   Stab: Sleeping          |     5 |     7 |    15 |    23 |     9 ||    59
         Distracted        |       |       |     1 |     1 |       ||     2
         Paralysed         |       |       |     3 |    37 |    18 ||    58
 Armour: Robe              |    17 |    14 |    74 |   103 |    61 ||   269
         Skin              |       |       |     1 |     7 |       ||     8
  Dodge: Dodged            |    40 |    42 |    88 |   310 |   166 ||   646
  Block: Other             |       |    13 |    41 |       |       ||    54
         Buckler           |       |       |    41 |   312 |   170 ||   523
         Reflection        |       |       |       |     5 |     1 ||     6

Table legend: (Time is in decaauts)
 A = Elapsed time spent in this place.
 B = Non-inter-level travel time spent in this place.
 C = Inter-level travel time spent in this place.
 D = Time resting spent in this place.
 E = Time spent auto-exploring this place.
 F = Levels seen in this place.
 G = Mean time per level.
                   A        B        C        D        E       F      G
               +--------+--------+--------+--------+--------+-----+--------+
         Total |  13826 |  13350 |    476 |    619 |   9632 |  17 |  813.3 |
       Dungeon |  11093 |  10659 |    434 |    314 |   8175 |  13 |  853.3 |
        Temple |    154 |    144 |     10 |      0 |    138 |   1 |  154.0 |
          Lair |   1410 |   1379 |     31 |    220 |    753 |   2 |  705.0 |
      Ice Cave |   1167 |   1167 |      0 |     84 |    566 |   1 | 1167.0 |
               +--------+--------+--------+--------+--------+-----+--------+

Top non-repeatable levels by time:
  Lair:1: 1302 daAuts
   IceCv: 1167 daAuts
    D:12: 1121 daAuts
     D:8: 1108 daAuts
     D:1: 1068 daAuts
    D:11: 1017 daAuts
     D:2: 977 daAuts
    D:10: 910 daAuts
     D:5: 878 daAuts
     D:9: 834 daAuts
     D:6: 810 daAuts
     D:3: 743 daAuts
     D:7: 713 daAuts
     D:4: 666 daAuts
    D:13: 243 daAuts
